 Dungeon Crawl Stone Soup version 0.19-a0-1682-g5114f93 (webtiles) character file.

70 HungrySpirit the Slasher (level 4, -1/29 HPs)
             Began as a High Elf Gladiator on Sept 24, 2016.
             Slain by a goblin (3 damage)
             ... led by Robin
             ... on level 3 of the Dungeon.
             The game lasted 00:02:27 (1791 turns).

HungrySpirit the Slasher (High Elf Gladiator)       Turns: 1791, Time: 00:02:28

Health: -1/29      AC:  5    Str: 18 (19) XL:     4   Next: 3%
Magic:  5/5        EV: 14    Int:  9 (12) God:
Gold:   89         SH:  0    Dex: 15 (16) Spells: 0 memorised, 3 levels left

rFire  . . .     SeeInvis .     a - +0 long sword
rCold  . . .     Gourm    .     b - +0 leather armour
rNeg   . . .     Faith    .     (no shield)
rPois  .         Spirit   .     y - +0 helmet
rElec  .         Dismiss  .     (no cloak)
rCorr  .         Reflect  .     (no gloves)
MR     .....     Harm     .     (no boots)
Stlth  +.........               (no amulet)
                                (no ring)
                                (no ring)

@: mighty
A: no striking features
a: no special abilities


You were on level 3 of the Dungeon.
You were not hungry.

You visited 1 branch of the dungeon, and saw 3 of its levels.

You collected 89 gold pieces.

Inventory:

Hand Weapons
 a - a +0 long sword (weapon)
Missiles
 d - 3 throwing nets (quivered)
Armour
 b - a +0 leather armour (worn)
 c - a +0 helmet
 p - a +0 buckler
 y - a +0 helmet (worn)
Jewellery
 h - a cursed -2 ring of protection {unknown}
 x - a cursed ring of teleportation {unknown}
Scrolls
 e - 2 scrolls of amnesia {unknown}
 g - a scroll of fear {unknown}
 i - a scroll of magic mapping {unknown}
 j - a scroll of immolation {unknown}
 l - 4 scrolls of identify {unknown}
 n - a scroll of enchant weapon {unknown}
 o - 6 scrolls of remove curse {unknown}
 q - 3 scrolls of teleportation {unknown}
 r - a scroll of random uselessness {unknown}
Comestibles
 f - 3 bread rations
 k - 3 meat rations
 v - a royal jelly


   Skills:
 - Level 2.0 Fighting
 * Level 5.4 Long Blades
 - Level 2.0 Throwing
 + Level 4.0 Dodging


You had 3 spell levels left.
You didn't know any spells.

Dungeon Overview and Level Annotations

Branches:
Dungeon (3/15)

Altars:
Hepliaklqana
Qazlal

Annotations:
D:3 Robin


Message History

The goblin hits you with a club. The goblin hits you but does no damage.
The goblin barely misses you. The goblin misses you. Something hits you.
* * * LOW HITPOINT WARNING * * *
Unknown command.
You are too injured to fight recklessly!
Unknown command.
You are too injured to fight recklessly!
Unknown command.
You closely miss the goblin.
The goblin no longer looks unusually strong.
The goblin completely misses you. The goblin barely misses you. x2
The goblin hits you.
* * * LOW HITPOINT WARNING * * *
Something hits you.
* * * LOW HITPOINT WARNING * * *
The orc wizard casts a spell.
The orc wizard blinks!
You barely miss the goblin.
The goblin hits you but does no damage. x2
The goblin closely misses you. The goblin hits you.
You die...

.#### ##.# ## #.# # #.#
## ## #.# .# .# #.## .#
.#########..# .#
..........#.#### .#
..#######....†.##g#
#.[##########.gg@g#
##......# ##g#g{r#
######>### #.oolg....
#######...## ##.oo......
.....####..## .....<..>.
####...)....##.#....§...
##########..#.##.....
#.##.# ..... ####### .#
#.


You could see Robin, 4 orcs, 6 goblins, a frilled lizard and a rat.

Vanquished Creatures
  3 adders
  A leopard gecko (D:3)
  2 orcs (D:3)
  2 giant cockroaches
  8 goblins
  3 hobgoblins
  A quokka (D:1)
  3 bats
  6 frilled lizards
  5 kobolds
  9 rats
43 creatures vanquished.

Notes
Turn   | Place    | Note
-------+----------+-------------------------------------------
     0 | D:1      | HungrySpirit the High Elf Gladiator began the quest for the Orb.
     0 | D:1      | Reached XP level 1. HP: 14/14 MP: 2/2
    51 | D:1      | Reached skill level 4 in Long Blades
   249 | D:1      | Reached XP level 2. HP: 8/19 MP: 3/3
   949 | D:2      | Reached XP level 3. HP: 18/24 MP: 4/4
  1115 | D:2      | Reached skill level 5 in Long Blades
  1283 | D:2      | Found a hazy altar of Hepliaklqana.
  1687 | D:3      | Found a stormy altar of Qazlal.
  1771 | D:3      | Noticed Robin
  1781 | D:3      | Reached XP level 4. HP: 16/29 MP: 5/5
  1791 | D:3      | Slain by a goblin

Vault maps used:
D:1:      onia_arrival_larder, serial_aquarium, aquarium_bridge_island_small,
          aquarium_bridge_straight, aquarium_window_corner, aquarium_window_2,
          aquarium_view_2c
D:2:      lemuel_coloured_pillars_altar
D:3:      grunt_qazlal_clouds, uniq_robin

Skill      XL: |  1  2  3 |
---------------+----------+-----
Long Blades    | 4 5 |  5.4
Dodging        | 4 |  4.0
Fighting       | |  2.0
Throwing       | |  2.0

Action                   |  1- 3 |  4- 6 || total
-------------------------+-------+-------++-------
Melee: Long sword        |   116 |     9 ||   125
  Use: Potion            |     1 |     4 ||     5
 Stab: Sleeping          |     2 |       ||     2
  Eat: Chunk             |     3 |       ||     3
Armor: Leather armour    |    24 |    10 ||    34
Dodge: Dodged            |    83 |    27 ||   110
